 Dungeon Crawl Stone Soup version 0.30.1-9-gdf580d7c3d (webtiles) character file.

Game seed: 3835903199673186496

74 Logoto the Firebug (level 4, -4/34 HPs)
             Began as a Draconian Fire Elementalist on Oct 13, 2023.
             Killed from afar by an orc wizard (6 damage)
             ... with a magic dart
             ... on level 3 of the Dungeon.
             The game lasted 00:05:00 (2117 turns).

Logoto the Firebug (Draconian Fire Elementalist)    Turns: 2117, Time: 00:05:01

Health: -4/34      AC:  5    Str: 12    XL:     4   Next: 9%
Magic:  7/7        EV: 11    Int: 15    God:
Gold:   91         SH:  0    Dex: 12    Spells: 4/7 levels left

rFire   . . .        m - +0 morningstar (holy)
rCold   . . .        h - +0 buckler
rNeg    . . .        (body armour unavailable)
rPois   .            (helmet restricted)
rElec   .            (no cloak)
rCorr   .            (no gloves)
SInv    .            (no boots)
Will    .....        (no amulet)
Stlth   +            (no ring)
HPRegen 0.25/turn    (no ring)
MPRegen 0.10/turn

%: no passive effects
@: confused
A: AC +5, unfitting armour, cold-blooded
a: no special abilities


You were on level 3 of the Dungeon.
You visited 1 branch of the dungeon, and saw 3 of its levels.

You collected 91 gold pieces.

Inventory:

Hand Weapons
 f - a +0 hand axe
 m - a +0 morningstar of holy wrath (weapon)
Armour
 h - a +0 buckler (worn)
Jewellery
 g - a +5 ring of evasion
Scrolls
 b - 2 scrolls of identify {unknown}
 d - a scroll of immolation {unknown}
 e - a scroll of blinking {unknown}
 i - 2 scrolls of enchant weapon {unknown}
 l - a scroll of vulnerability {unknown}
Potions
 a - a potion of berserk rage {unknown}
 c - 3 potions of curing {unknown}
 j - a potion of degeneration {unknown}
 k - a potion of ambrosia {unknown}


   Skills:
 + Level 0.8 Fighting
 + Level 1.0 Axes
 + Level 0.1(0.5) Maces & Flails
 + Level 2.1 Dodging
 + Level 2.2 Stealth
 + Level 0.1 Shields
 + Level 2.4 Spellcasting
 + Level 1.2 Conjurations
 + Level 3.6 Fire Magic


You had 4 spell levels left.
You knew the following spells:

 Your Spells              Type           Power      Damage    Failure   Level
a - Foxfire               Conj/Fire      36%        2x1d5     12%         1
b - Scorch                Fire           24%        2d6       11%         2

Your spell library contained the following spells:

 Spells                   Type           Power      Damage    Failure   Level
 Inner Flame              Hex/Fire       7%         N/A       41%         3
 Volatile Blastmotes      Fire/Tloc      14%        2d11      41%         3
 Flame Wave               Conj/Fire      9%         2d6       75%         4
 Cause Fear               Hex            0%         N/A       97%         4
 Dragon Form              Tmut           0%         N/A       100%        7
 Dragon's Call            Summ           0%         N/A       100%        9


Dungeon Overview and Level Annotations

Branches:
Dungeon (3/15)

Altars:


Innate Abilities, Weirdness & Mutations

Your plain brown scales are hard. (AC +5)
You cannot fit into any form of body armour.
You are cold-blooded and may be slowed by cold attacks.


Message History

You hear some strange, mumbled words.
Something tries to affect you, but you resist.
You hit something. Something hits you.
You miss something.
You hear some strange, mumbled words.
Something tries to affect you, but you resist.
You hear some strange, mumbled words.
A puff of flame appears from out of thin air!
The puff of flame hits you.
* * * LOW HITPOINT WARNING * * *
You hear some strange, mumbled words.
You are confused.
You're too confused to cast spells.
Something hits you.
* * * LOW HITPOINT WARNING * * *
You closely miss something. Something hits you.
* * * LOW HITPOINT WARNING * * *
Something hits you but does no damage. Something hits you.
* * * LOW HITPOINT WARNING * * *
You're too confused to cast spells.
Something hits you.
* * * LOW HITPOINT WARNING * * *
You feel less confused.
You hear some strange, mumbled words.
You are confused.
You're too confused to cast spells.
Something hits you but does no damage.
You hear some strange, mumbled words.
A puff of flame appears from out of thin air!
The puff of flame hits you.
* * * LOW HITPOINT WARNING * * *
An orc comes into view. It is wielding a +0 club.
The orc shouts!
An orc comes into view. It is wielding a +0 club.
You're too confused to move!
The orc shouts!
You hear a shout!
You hear some strange, mumbled words.
A magic dart appears from out of thin air!
The magic dart hits you.
You die...

#......#######.....
#...........# .......
#............##......o
#............#.....o..
#............#>.......
##...........#........
#####.......#........
..........#.........
#..........{@........
#.......[............
####.................
#.................
...######...........
....####.............
.....................
.............###.####
.............###.#


You could see 2 orcs.

Vanquished Creatures
  3 adders
  A worm (D:2)
  2 dart slugs (D:1)
  2 ball pythons
  2 endoplasms
  3 giant cockroaches
  A goblin (D:2)
  7 hobgoblins
  2 quokkas (D:2)
  7 bats
  A frilled lizard (D:1)
  2 kobolds (D:2)
  5 rats
38 creatures vanquished.

Vanquished Creatures (others)
  58 foxfires
58 creatures vanquished.

Grand Total: 96 creatures vanquished

Notes
Turn   | Place    | Note
-------+----------+-------------------------------------------
     0 | D:1      | Logoto the Draconian Fire Elementalist began the quest for
                  | the Orb.
     0 | D:1      | Reached XP level 1. HP: 14/14 MP: 3/3
   154 | D:1      | Reached XP level 2. HP: 13/22 MP: 1/5
   641 | D:1      | Learned a level 2 spell: Scorch
  1110 | D:2      | Reached XP level 3. HP: 27/27 MP: 6/6
  1860 | D:3      | Reached skill level 1 in Axes
  1892 | D:3      | Reached XP level 4. HP: 28/34 MP: 7/7
  2117 | D:3      | Killed from afar by an orc wizard

Illustrated notes

Levels and vault maps discovered:
D:1:      heliophobic_arrival_battle_scene, layout_basic
D:2:      layout_basic
D:3:      minmay_general_purpose_star, layout_basic,
          ebering_ecumenical_altar_mist, uniq_natasha

Skill      XL: |  1  2  3 |
---------------+----------+-----
Dodging        | 2 |  2.1
Stealth        | 2 |  2.2
Axes           | 1 |  1.0
Fighting       | |  0.8
Maces & Flails | |  0.1
Shields        | |  0.1
Spellcasting   | |  2.4
Conjurations   | |  1.2
Fire Magic     | |  3.6

Action                     |  1- 3 |  4- 6 || total
---------------------------+-------+-------++-------
  Melee: Unarmed           |    33 |       ||    33
         Tailslap          |    12 |     1 ||    13
         Hand axe          |    53 |       ||    53
         Punch             |     1 |       ||     1
         Morningstar       |    16 |     6 ||    22
   Cast: Foxfire           |    30 |    14 ||    44
         Scorch            |     6 |       ||     6
    Use: Potion            |     1 |       ||     1
   Stab: Sleeping          |     1 |       ||     1
 Armour: Skin              |    70 |     7 ||    77
  Dodge: Dodged            |    95 |     8 ||   103
  Block: Buckler           |    18 |     1 ||    19
